 Dungeon Crawl Stone Soup version 0.31-a0-986-g5e6e4ef867 (webtiles) character file.

Game seed: 3672029530215110330

1004 wildpjah the Ducker (level 8, -1/48 HPs)
             Began as a Tengu Monk on Nov 18, 2023.
             Was a Priest of Okawaru.
             Slain by a steam dragon (3 damage)
             ... on level 4 of the Dungeon.
             The game lasted 00:08:18 (3652 turns).

wildpjah the Ducker (Tengu Monk)                    Turns: 3652, Time: 00:08:19

Health: -1/48      AC: -1    Str: 17    XL:     8   Next: 20%
Magic:  9/9        EV: 17    Int: 12    God:    Okawaru [***...]
Gold:   205        SH:  0    Dex: 18    Spells: 7/7 levels left

rFire   . . .        p - +1 short sword (drain)
rCold   . . .        s - orb {mayhem}
rNeg    . . .        A - +0 ring mail
rPois   .            (helmet restricted)
rElec   .            (no cloak)
rCorr   .            (no gloves)
SInv    .            (boots unavailable)
Will    .....        (no amulet)
Stlth   ++           t - +6 ring of strength
HPRegen 0.28/turn    (no ring)
MPRegen 0.11/turn

%: mayhem, acrobat
@: corroded, flying
A: beak, talons 3, evasive flight, acrobatic
a: Renounce Religion, Heroism


You were on level 4 of the Dungeon.
You worshipped Okawaru.
Okawaru was most pleased with you.
You visited 2 branches of the dungeon, and saw 7 of its levels.

You collected 205 gold pieces.

Inventory:

Hand Weapons
 a - a +0 falchion
 l - a +2 dagger of protection
 p - a +1 short sword of draining (weapon)
Armour
 b - a +0 robe
 d - an orb of light
 s - an orb of mayhem (worn)
 v - a +0 leather armour
 A - a +0 ring mail (worn)
 E - a +0 plate armour
 H - a +0 scale mail
Jewellery
 t - a +6 ring of strength (left hand)
Wands
 o - a wand of flame (5)
 B - a wand of paralysis (10)
 F - a wand of roots (14)
Scrolls
 f - 2 scrolls of enchant armour {unknown}
 g - 5 scrolls of identify {unknown}
 j - 2 scrolls of noise {unknown}
 k - 2 scrolls of fog {unknown}
 m - a scroll of vulnerability {unknown}
 q - a scroll of amnesia {unknown}
 w - a scroll of enchant weapon {unknown}
 x - a scroll of poison {unknown}
 y - 3 scrolls of teleportation {unknown}
 C - a scroll of revelation {unknown}
Potions
 c - 3 potions of ambrosia
 e - a potion of mutation {unknown}
 h - a potion of cancellation {unknown}
 i - a potion of invisibility {unknown}
 n - 2 potions of curing {unknown}
 r - 3 potions of brilliance {unknown}
 u - 2 potions of degeneration {unknown}
 z - 2 potions of enlightenment {unknown}
 D - 2 potions of lignification {unknown}
 G - a potion of might {unknown}


   Skills:
 + Level 4.2 Fighting
 + Level 3.5(4.9) Short Blades
 + Level 5.2(5.7) Long Blades
 * Level 4.4 Armour
 * Level 5.3 Dodging
 + Level 3.3 Stealth
 + Level 0.6 Invocations
 + Level 1.4 Evocations


You had 7 spell levels left.
You didn't know any spells.
Your spell library contained the following spells:

 Spells                   Type           Power      Damage    Failure   Level
 Magic Dart               Conj           0%         1d3       50%         1
 Blink                    Tloc           0%         N/A       65%         2
 Lesser Beckoning         Tloc           0%         N/A       65%         2
 Momentum Strike          Conj/Tloc      0%         3d8       65%         2
 Searing Ray              Conj           0%         2d4       65%         2
 Gell's Gravitas          Tloc           0%         N/A       86%         3
 Teleport Other           Tloc           0%         N/A       86%         3
 Fulminant Prism          Conj/Hex       0%         3d5       99%         4
 Vhi's Electric Charge    Tloc/Air       0%         N/A       99%         4
 Arcjolt                  Conj/Air       0%         1d10      100%        5
 Dispersal                Tloc           0%         N/A       100%        6
 Plasma Beam              Fire/Air       0%         2x1d10    100%        6


Dungeon Overview and Level Annotations

Branches:
Dungeon (6/15)             Temple (1/1) D:4

Altars:
Ashenzari
Dithmenos
Elyvilon
Fedhas
Makhleb
Nemelex Xobeh
Okawaru
Ru
Uskayaw
Vehumet
Wu Jian
Xom
Yredelemnul
Zin


Innate Abilities, Weirdness & Mutations

You have a beak for a mouth.
You have claws for feet.
Your magical flight helps you evade attacks. (EV +4)
You can magically evade attacks while moving or waiting.


Message History

You are too injured to fight recklessly!
You are too injured to fight recklessly!
The plant is engulfed in a cloud of scalding steam.
The plant begins to die.
The plant is engulfed in a cloud of scalding steam.
You hit the jelly. The acid corrodes you!
Your hands burn!
You claw the jelly. You peck the jelly, but do no damage.
The jelly is moderately wounded.
The jelly misses you.
You hit the jelly but do no damage.
Your hands burn!
You claw the jelly.
The jelly is heavily wounded.
The jelly jiggles.
The jelly completely misses you.
You hit the jelly but do no damage. You drain the jelly. The acid corrodes you!
Your hands burn!
* * * LOW HITPOINT WARNING * * *
You claw the jelly.
The jelly is almost dead.
You hit the jelly but do no damage. You drain the jelly.
You kill the jelly!
Okawaru accepts your kill.
The steam dragon flies into a frenzy!
A nearby plant withers and dies.
The steam dragon closely misses you. The steam dragon misses you.
You barely miss the steam dragon. The steam dragon barely misses you.
The steam dragon misses you. The steam dragon bites you!
* * * LOW HITPOINT WARNING * * *
The steam dragon claws you.
* * * LOW HITPOINT WARNING * * *
You hit the steam dragon but do no damage.
The steam dragon barely misses you. The steam dragon completely misses you.
You hit the steam dragon but do no damage.
You drain the steam dragon.
You claw the steam dragon, but do no damage.
You peck the steam dragon, but do no damage.
The steam dragon is lightly wounded.
The steam dragon misses you. The steam dragon completely misses you.
You hit the steam dragon but do no damage.
The steam dragon is lightly wounded.
The steam dragon misses you. The steam dragon claws you.
You die...

# ####### .#P#.♣..P# .P~~.~~~~~
.... ♣~~.~~~~~. .... .~§~~≈≈~~~
..... #♣~.~~~≈~~~ #
.....##^P§~.~~~.. #
......>..♣D~P~P~~ #
.........@.P..♣. #
................. ######
##############'#######.. #.....
.....................# #.....
.....................#######.....
.................................
.................................
.................................
.................................


You could see a neutral steam dragon (fast, strong, frenzied, drained).

Vanquished Creatures
  A water moccasin (D:6)
  An ice beast (D:6)
  A black bear (D:6)
  2 ogres (D:5)
  A kobold brigand (D:5)
  A crimson imp (D:6)
  2 hounds (D:5)
  2 jellies
  A gnoll bouda (D:5)
  An orc priest (D:5)
  4 iguanas
  An orc wizard (D:5)
  3 gnolls (D:5)
  2 ufetubi (D:5)
  5 worms
  A dart slug (D:3)
  5 orcs (D:5)
  5 endoplasms
  2 giant cockroaches
  3 goblins
  5 hobgoblins
  3 quokkas
  4 ball pythons
  8 bats
  3 frilled lizards (D:1)
  7 kobolds
  10 rats
84 creatures vanquished.

Vanquished Creatures (collateral kills)
  An orc (D:5)
  A kobold (D:5)
2 creatures vanquished.

Vanquished Creatures (others)
  An orc (D:5)
  A hobgoblin (D:4)
2 creatures vanquished.

Grand Total: 88 creatures vanquished

Notes
Turn   | Place    | Note
-------+----------+-------------------------------------------
     0 | D:1      | wildpjah the Tengu Monk began the quest for the Orb.
     0 | D:1      | Reached XP level 1. HP: 14/14 MP: 2/2
   128 | D:1      | Reached XP level 2. HP: 16/19 MP: 3/3
   330 | D:1      | Found a faded altar of an unknown god.
   553 | D:2      | Reached XP level 3. HP: 23/23 MP: 4/4
  1146 | D:3      | Found a broken altar of Ashenzari.
  1293 | D:3      | Reached XP level 4. HP: 20/28 MP: 5/5
  1800 | D:4      | Found a staircase to the Ecumenical Temple.
  1839 | Temple   | Entered the Ecumenical Temple
  1859 | Temple   | Became a worshipper of Warmaster Okawaru
  1859 | Temple   | Reached * piety under Okawaru
  1859 | Temple   | Reached ** piety under Okawaru
  2099 | D:4      | You fall into a shaft and drop 2 floors!
  2107 | D:6      | Noticed a water moccasin
  2206 | D:6      | Killed a water moccasin
  2207 | D:6      | Reached skill level 1 in Short Blades
  2207 | D:6      | Reached skill level 1 in Armour
  2207 | D:6      | Reached skill level 1 in Stealth
  2207 | D:6      | Reached XP level 5. HP: 33/33 MP: 6/6
  2268 | D:6      | Found a burning altar of Makhleb.
  2292 | D:6      | Noticed a black bear
  2301 | D:6      | Killed a black bear
  2302 | D:6      | Reached skill level 5 in Long Blades
  2302 | D:6      | Reached XP level 6. HP: 36/38 MP: 4/7
  2533 | D:5      | Entered Level 5 of the Dungeon
  2609 | D:6      | Noticed an ice beast
  2624 | D:6      | Killed an ice beast
  2625 | D:6      | Gained mutation: Your magical flight helps you evade
                  | attacks. (EV +4) [Tengu growth]
  2625 | D:6      | Reached XP level 7. HP: 29/43 MP: 5/8
  2709 | D:5      | Identified the +1 robe "Sorah" {Will+}
  2858 | D:5      | Reached *** piety under Okawaru
  2904 | D:5      | Reached skill level 1 in Evocations
  2979 | D:5      | Reached skill level 5 in Dodging
  3341 | D:5      | Reached XP level 8. HP: 46/48 MP: 9/9
  3376 | D:5      | Noticed a kobold demonologist
  3386 | D:5      | Noticed an orange demon
  3649 | D:4      | HP: 1/48 [steam dragon (6)]
  3652 | D:4      | Slain by a steam dragon

Illustrated notes

Levels and vault maps discovered:
D:1:      nzn_arrival_water_spiral, layout_rooms,
          hellmonk_ecumenical_altar_pennies_from_heaven, hex_large,
          minmay_pentomino_u2
D:2:      layout_rooms, chequers_serial_rivers_large_a
D:3:      layout_loops_ring, lemuel_crystal_altar, chequers_serial_rivers_room_b
D:4:      layout_gridville, minmay_temple_entry_poolview, dk_vineyard_3,
          serial_bayou_pond_b, dreamdust_princess_corridor
D:5:      layout_gridville
D:6:      layout_basic, mainiacjoe_overflow_alcove_1, makhleb_grotto_becter,
          nicolae_overflow_hidden_temple
Temple:   minmay_temple_bridge_abc

Skill      XL: |  1  2  3  4  5  6  7 |
---------------+----------------------+-----
Long Blades    | 4 5 |  5.2
Short Blades   | 1 2 3 |  3.5
Armour         | 1 2 4 |  4.4
Dodging        | 4 5 |  5.3
Stealth        | 1 3 |  3.3
Fighting       | 4 |  4.2
Evocations     | 1 |  1.4
Invocations    | |  0.6

Action                     |  1- 3 |  4- 6 |  7- 9 || total
---------------------------+-------+-------+-------++-------
  Melee: Falchion          |    40 |       |       ||    40
         Kick              |    20 |    17 |    29 ||    66
         Peck              |     8 |    12 |    13 ||    33
         Short sword       |    30 |    45 |    84 ||   159
 Invoke: Heroism           |       |     2 |     1 ||     3
  Evoke: Wand              |       |     2 |     4 ||     6
   Stab: Paralysed         |       |     3 |       ||     3
         Sleeping          |       |       |     1 ||     1
 Armour: Robe              |    12 |       |       ||    12
         Leather armour    |     2 |     2 |       ||     4
         Ring mail         |       |    10 |    24 ||    34
  Dodge: Dodged            |    46 |    21 |    78 ||   145

Table legend: (Time is in decaauts)
 A = Elapsed time spent in this place.
 B = Non-inter-level travel time spent in this place.
 C = Inter-level travel time spent in this place.
 D = Time resting spent in this place.
 E = Time spent auto-exploring this place.
 F = Levels seen in this place.
 G = Mean time per level.
                   A        B        C        D        E       F      G
               +--------+--------+--------+--------+--------+-----+--------+
         Total |   3637 |   3421 |    216 |      0 |   2713 |   7 |  519.6 |
       Dungeon |   3597 |   3419 |    178 |      0 |   2713 |   6 |  599.5 |
        Temple |     40 |      2 |     38 |      0 |      0 |   1 |   40.0 |
               +--------+--------+--------+--------+--------+-----+--------+

Top non-repeatable levels by time:
     D:5: 671 daAuts
     D:4: 603 daAuts
     D:6: 592 daAuts
     D:2: 588 daAuts
     D:3: 583 daAuts
     D:1: 557 daAuts
  Temple: 40 daAuts
